 Dungeon Crawl Stone Soup version 0.30-a0-424-g7412bad402 (webtiles) character file.

Game seed: 2210730132438961422

37 Inus the Sneak (level 3, -1/14 HPs)
             Began as a Felid Venom Mage on Dec 9, 2022.
             Slain by Natasha (7 damage)
             ... on level 3 of the Dungeon.
             The game lasted 00:05:07 (2496 turns).

Inus the Sneak (Felid Venom Mage)                   Turns: 2496, Time: 00:05:07

Health: -1/14      AC:  1    Str:  6    XL:     3   Next: 21%
Magic:  1/7        EV: 21    Int: 16    God:
Gold:   142        SH:  0    Dex: 16    Spells: 2/7 levels left
                                        Lives:  0   Deaths: 0

rFire   . . .      SeeInvis +    (weapon unavailable)
rCold   . . .      Faith    .    (shield unavailable)
rNeg    . . .      Spirit   .    (body armour unavailable)
rPois   .          Reflect  .    (helmet unavailable)
rElec   .          Harm     .    (cloak unavailable)
rCorr   .          Rampage  .    (gloves unavailable)
Will    .....                    (boots unavailable)
Stlth   ++........               (no amulet)
HPRegen 0.22/turn                e - +4 ring of evasion
MPRegen 0.10/turn                (no ring)

@: slowed, slow
A: very small, claws 1, fangs 3, see invisible, speed 1, shaggy fur 1, stealthy
paws, no weapons or thrown items, no armour, multi-lived
a: no special abilities


You were on level 3 of the Dungeon.
You visited 1 branch of the dungeon, and saw 3 of its levels.

You collected 142 gold pieces.

Inventory:

Jewellery
 e - a +4 ring of evasion (left paw)
Scrolls
 c - 2 scrolls of blinking
 f - a scroll of fear
 g - a scroll of enchant armour
Potions
 a - a potion of magic
 b - 2 potions of haste
 d - a potion of ambrosia


   Skills:
 - Level 3.0 Dodging
 - Level 3.0 Stealth
 + Level 2.6 Spellcasting
 - Level 2.0 Transmutations
 - Level 3.0 Poison Magic


You had 2 spell levels left.
You knew the following spells:

 Your Spells              Type           Power      Damage    Failure   Level
a - Sting                 Tmut/Pois      40%        1d5       7%          1
b - Poisonous Vapours     Pois/Air       12%        N/A       16%         2
c - Blink                 Tloc           4%         N/A       30%         2

Your spell library contained the following spells:

 Spells                   Type           Power      Damage    Failure   Level
 Mephitic Cloud           Conj/Pois/Air  5%         N/A       36%         3
 Olgreb's Toxic Radiance  Pois           11%        N/A       50%         4
 Lesser Beckoning         Tloc           4%         N/A       52%         3
 Stone Arrow              Conj/Erth      4%         3d7       52%         3
 Disjunction              Tloc           1%         N/A       100%        8
 Lehudib's Crystal Spear  Conj/Erth      1%         10d2      100%        8
 Animate Armour           Summ/Erth      Unusable   N/A       N/A         4

Dungeon Overview and Level Annotations

Branches:
Dungeon (3/15)

Altars:

Annotations:
D:3 Natasha


Innate Abilities, Weirdness & Mutations

You have sharp claws.
You have razor-sharp teeth.
You have supernaturally acute eyesight. (SInv)
You cover ground quickly. (Speed+)
You are covered in fur. (AC +1)
Your paws help you pounce on unaware monsters.
You are incapable of wielding weapons or throwing items.
You cannot wear armour.
You gain extra lives every three experience levels.


Message History

Natasha completely misses you.
Unknown command.
Casting: Sting (safe; 7% risk of failure)
Confirm with . or Enter, or press ? or * to list all spells.
Aiming: Sting (safe; 7% risk of failure)
Press: ? - help, Shift-Dir - straight line, f/p - Natasha
Aim: Natasha (moderately wounded, very poisoned, 64% to hit)
The sting misses Natasha.
Natasha barely misses you. The crimson imp misses you.
Casting: Sting (safe; 7% risk of failure)
Confirm with . or Enter, or press ? or * to list all spells.
Aiming: Sting (safe; 7% risk of failure)
Press: ? - help, Shift-Dir - straight line, f/p - Natasha
Aim: Natasha (severely wounded, very poisoned, 64% to hit)
The sting misses Natasha.
Natasha howls an incantation.
You feel disoriented.
Natasha casts a spell.
The crimson imp blinks!
You barely miss Natasha.
Natasha is severely wounded.
Natasha casts a spell at you. You resist with some effort.
You barely miss Natasha.
Natasha is severely wounded.
The iron imp closely misses you.
Natasha stares at you and mumbles some strange words.
You feel yourself slow down.
You closely miss Natasha.
Natasha is severely wounded.
Natasha completely misses you. The iron imp hits you.
* * * LOW HITPOINT WARNING * * *
The crimson imp blinks!
Natasha claws you but does no damage.
Unknown command.
You aren't carrying any items that you can evoke.
You feel much better. The iron imp hits you!
Ouch! That really hurt!
Natasha claws you!
Ouch! That really hurt!
You die...

#..........#
#.##..#.##.....
##########.#
#.##....#######
#######.###.....#.†#
#.........#######....#
#.........# #.##.#
#.........# #.# .#
#######'### #.# .
####5### #.. .
#...§@h# ### ..
#......# #......#
####5### #.. ###


You could see an iron imp (summoned), Natasha (very poisoned) and a crimson imp
(summoned).

Vanquished Creatures
  A dart slug (D:2)
  An orc (D:3)
  5 ball pythons
  5 endoplasms
  A giant cockroach (D:3)
  A hobgoblin (D:1)
  A kobold (D:3)
  4 quokkas
  3 bats
  3 frilled lizards
  3 goblins (D:1)
  2 rats
30 creatures vanquished.

Notes
Turn   | Place    | Note
-------+----------+-------------------------------------------
     0 | D:1      | Inus the Felid Venom Mage began the quest for the Orb.
     0 | D:1      | Reached XP level 1. HP: 7/7 MP: 4/4
   296 | D:1      | Reached XP level 2. HP: 11/11 MP: 4/6
   801 | D:1      | Got Weamm's Precepts of the Jaunt
  1054 | D:2      | Learned a level 2 spell: Poisonous Vapours
  1057 | D:2      | Learned a level 2 spell: Blink
  1904 | D:2      | Reached XP level 3. HP: 11/14 MP: 3/7
  2484 | D:3      | Noticed Natasha
  2496 | D:3      | Slain by Natasha

Illustrated notes

Levels and vault maps discovered:
D:1:      nagdon_arrival_zigzag_paths, layout_basic
D:2:      layout_loops_corners
D:3:      layout_basic, uniq_robin, uniq_natasha

Skill      XL: |  1  2 |
---------------+-------+-----
Stealth        | 3 |  3.0
Dodging        | 3 |  3.0
Poison Magic   | 3 |  3.0
Transmutations | 2 |  2.0
Spellcasting   | |  2.6

Action                   || total
-------------------------++-------
Melee: Unarmed           ||    54
       Bite              ||     2
 Cast: Sting             ||    39
       Poisonous Vapours ||     2
  Use: Potion            ||     4
       Scroll            ||     5
 Stab: Sleeping          ||     4
Armor: Skin              ||     8
Dodge: Dodged            ||    44

Table legend: (Time is in decaauts)
 A = Elapsed time spent in this place.
 B = Non-inter-level travel time spent in this place.
 C = Inter-level travel time spent in this place.
 D = Time resting spent in this place.
 E = Time spent auto-exploring this place.
 F = Levels seen in this place.
 G = Mean time per level.
                   A        B        C        D        E       F      G
               +--------+--------+--------+--------+--------+-----+--------+
         Total |   2113 |   1924 |    189 |     64 |   1597 |   3 |  704.3 |
       Dungeon |   2113 |   1924 |    189 |     64 |   1597 |   3 |  704.3 |
               +--------+--------+--------+--------+--------+-----+--------+

Top non-repeatable levels by time:
     D:1: 891 daAuts
     D:2: 879 daAuts
     D:3: 342 daAuts
